 Dungeon Sprint DCSS version 0.17-a0-1650-gce8475a (webtiles) character file.

64768 Kidiri the Imperceptible (level 13, -2/55 HPs)
             Began as a Spriggan Enchanter on Aug 13, 2015.
             Was the Champion of Dithmenos.
             Slain by an azure jelly (39 damage)
             ... in the Dungeon (Sprint III: "The Ten Rune Challenge") on Aug 14, 2015.
             The game lasted 00:23:37 (4362 turns).

Kidiri the Imperceptible (Spriggan Enchanter)       Turns: 4362, Time: 00:23:39

Health: -2/55      AC:  5    Str:  4    XL:     13   Next: 54%
Magic:  22/35      EV: 37    Int: 20    God:    Dithmenos [******]
Gold:   2018       SH:  0    Dex: 20    Spells: 12 memorised, 10 levels left

rFire  . . .     SeeInvis +     a - +1 dagger
rCold  . . .     Clarity  .     b - +1 robe
rNeg   . . .     SustAt   .     (shield restricted)
rPois  +         Gourm    .     d - +0 hat {MR+}
rElec  .         Spirit   .     (no cloak)
rCorr  .         Warding  .     (gloves unavailable)
rMut   .         NoTele   +     (boots unavailable)
MR     +++..                    (no amulet)
Stlth  ++++++++++               (no ring)
                                (no ring)

@: wreathed by umbra, very quick, extremely resistant to hostile enchantments,
uncannily stealthy
A: unfitting armour, yellow scales 1, see invisible, blink 1, clever 1,
herbivore 3, speed 3, poison resistance, slow metabolism 2, evolution 1
a: Blink, Shadow Step, Shadow Form, Renounce Religion
}: 2/10 runes: decaying, serpentine


You were in the Dungeon.
You worshipped Dithmenos.
Dithmenos was exalted by your worship.
You were not hungry.

You visited 1 branch You collected 2110 gold pieces.
You spent 92 gold pieces at shops.

Inventory:

Hand weapons
 a - a +1 dagger (weapon)
Missiles
 i - 10 throwing nets (quivered)
Armour
 b - a +1 robe (worn)
 d - a +0 hat of magic resistance (worn)
Magical devices
 c - a wand of frost (7)
Scrolls
 j - a scroll of blinking
 r - a scroll of holy word
 s - 2 scrolls of remove curse
Potions
 e - 5 potions of curing
 f - a potion of heal wounds
 g - a potion of haste
 h - a potion of magic
 k - a potion of might
 p - 6 potions of cure mutation
 u - a potion of flight
Comestibles
 o - 27 royal jellies
 t - 11 fruits


   Skills:
 + Level 12.0 Short Blades
 * Level 20.3 Dodging
 * Level 21.9 Stealth
 * Level 17.7 Spellcasting
 + Level 8.2 Conjurations
 + Level 13.2 Hexes
 + Level 13.7 Charms
 + Level 7.6 Summonings
 + Level 9.3 Ice Magic
 + Level 7.4 Air Magic
 - Level 1.5 Invocations


You had 10 spell levels left.
You knew the following spells:

 Your Spells              Type           Power        Failure   Level  Hunger
a - Corona                Hex            ######.      0%          1    None
b - Ensorcelled Hibernat  Hex/Ice        ######       1%          2    None
c - Confuse               Hex            ######..     1%          3    None
d - Tukima's Dance        Hex            ######..     1%          3    None
e - Dazzling Spray        Conj/Hex       ######..     1%          3    None
f - Ozocubu's Armour      Chrm/Ice       ######..     1%          3    None
g - Condensation Shield   Ice            ######....   1%          4    None
h - Throw Icicle          Conj/Ice       ######..     1%          4    None
i - Summon Ice Beast      Ice/Summ       ######..     1%          4    None
j - Repel Missiles        Chrm/Air       ######       1%          2    None
k - Static Discharge      Conj/Air       #####...     1%          3    None
l - Lightning Bolt        Conj/Air       #####.....   4%          5    ##.....


Dungeon Overview and Level Annotations

Branches:
Dungeon (1/1)

Altars:
Cheibriados
Dithmenos
Elyvilon
Fedhas
Gozag
Kikubaaqudgha
Makhleb
Nemelex Xobeh
Okawaru
Qazlal
Ru
Sif Muna
Trog
Vehumet
Xom
Yredelemnul
Zin
The Shining One
Jiyva
Lugonu

Shops:
D [}!*}[?


Innate Abilities, Weirdness & Mutations

You are tiny and cannot use many weapons and most armour.
You have supernaturally acute eyesight.
You are a herbivore.
You cover ground extremely quickly.
You need consume almost no food.
You are partially covered in yellow scales (AC +2).
You can translocate small distances at will.
Your mind is acute. (Int +2)
Your system is resistant to poisons.
You evolve.


Message History

The azure jelly completely misses you.
Casting: Confuse
Confirm with . or Enter, or press ? or * to list all spells.
Aiming: Lightning Bolt
Press: ? - help, Shift-Dir - straight line, f/p - azure jelly
Aim: an azure jelly (umbra)
You hear a mighty clap of thunder!
The bolt of lightning misses the azure jelly.
Casting: Lightning Bolt
Confirm with . or Enter, or press ? or * to list all spells.
Aiming: Confuse
Press: ? - help, Shift-Dir - straight line, f/p - azure jelly
Aim: an azure jelly (umbra, chance to defeat MR: 28%)
The azure jelly easily resists.
Your shadow mimicks your spell!
The azure jelly resists with almost no effort.
The azure jelly hits you!
You emit a cloud of dark smoke.
The azure jelly freezes you!!!
Ouch! That really hurt!
You die...

#..# #..#####....#___#_.+
▓▓▓▓▓▓▓▓▓▓▓▓▓▓▓▓▓▓▓▓▓▓▓▓▓
▓.%.+≈≈.§§§§≈.♣♣.....♣♣♣♣
▓..P#≈≈§§§§≈≈≈♣♣.≈≈≈≈'♣♣'
▓.PP#≈.§≈§§§.≈≈'.....#.≈♣
▓.%P#≈.§§§§≈≈≈♣♣♣♣♣♣♣#..♣
▓...#≈≈§≈.≈≈≈.♣ ###+
▓##+####+#######♣ ♣♣♣♣.
▓.....§J@§§.)...♣♣ ♣...#
▓#.#############+♣ ♣♣.##
▓...#≈...........♣ ♣..#
▓..J+≈≈...########♣♣ ♣♣.#
▓J..#≈≈≈...........♣ ♣♣.#
▓.J.#≈≈≈≈..........♣ ♣...
#+#############+#########
#.......... #..........


You could see an azure jelly.

Vanquished Creatures
  the Lernaean hydra (D)
  Rupert (D)
  Gastronok (D)
  A greater naga (D)
  Maud (D)
  2 dire elephants (D)
  A naga warrior (D)
  6 anacondas (D)
  Erolcha (D)
  2 hydras (D)
  4 death yaks (D)
  An orc high priest (D)
  A spriggan druid (D)
  A death drake (D)
  A lindwurm (D)
  2 swamp dragons (D)
  An orc knight (D)
  An orc sorcerer (D)
  2 elephants (D)
  A guardian serpent (D)
  2 spiny frogs (D)
  7 black mambas (D)
  A komodo dragon (D)
  A fire drake (D)
  3 wandering mushrooms (D)
  A deep elf priest (D)
  A queen bee (D)
  8 blink frogs (D)
  2 spriggans (D)
  A shadow (D)
  2 trapdoor spiders (D)
  4 redbacks (D)
  2 nagas (D)
  2 hill giants (D)
  A spatial vortex (D)
  5 water moccasins (D)
  3 swamp drakes (D)
  An orc warrior (D)
  A necrophage (D)
  2 brain worms (D)
  3 two-headed ogres (D)
  A water elemental (D)
  32 killer bees (D)
  An electric eel (D)
  2 orc priests (D)
  3 orc wizards (D)
  A jelly (D)
  A wizard (D)
  A necromancer (D)
  A wolf (D)
  3 humans (D)
  A kobold demonologist (D)
  6 adders (D)
  An ooze (D)
  9 orcs (D)
  3 rats (D)
151 creatures vanquished.

Vanquished Creatures (others)
  2 draconian scorchers (D)
  A hydra (D)
  2 yaktaurs (D)
  7 plants (D)
12 creatures vanquished.

Grand Total: 163 creatures vanquished

Notes
Turn   | Place    | Note
--------------------------------------------------------------
     0 | D        | Kidiri the Spriggan Enchanter began the quest for the Orb.
     0 | D        | Reached XP level 1. HP: 9/9 MP: 5/5
     9 | D        | Reached skill level 5 in Stealth
    55 | D        | Noticed a wolf
    58 | D        | Killed a wolf
    58 | D        | Reached skill level 6 in Stealth
    58 | D        | Reached XP level 2. HP: 13/13 MP: 6/8
    66 | D        | Learned a level 2 spell: Ensorcelled Hibernation
    87 | D        | Reached skill level 5 in Dodging
    87 | D        | Reached XP level 3. HP: 14/16 MP: 5/10
    92 | D        | Learned a level 3 spell: Confuse
    96 | D        | Learned a level 3 spell: Tukima's Dance
   107 | D        | Killed a yaktaur
   144 | D        | Gained mutation: Your body sometimes deteriorates upon taking damage. [potion of mutation]
   144 | D        | Gained mutation: You are partially covered in yellow scales (AC +2). [potion of mutation]
   144 | D        | Gained mutation: You can translocate small distances at will. [potion of mutation]
   145 | D        | Gained mutation: Your mind is acute. (Int +2) [potion of mutation]
   145 | D        | Gained mutation: Your system is resistant to poisons. [potion of mutation]
   145 | D        | Gained mutation: You evolve. [potion of mutation]
   152 | D        | Noticed a water elemental
   170 | D        | Killed a water elemental
   170 | D        | Reached skill level 8 in Stealth
   170 | D        | Reached skill level 5 in Hexes
   170 | D        | Reached skill level 1 in Ice Magic
   170 | D        | Reached XP level 4. HP: 11/21 MP: 11/13
   206 | D        | Killed a white draconian scorcher
   221 | D        | Killed a white draconian scorcher
   343 | D        | Learned a level 3 spell: Dazzling Spray
   370 | D        | Noticed a jelly
   371 | D        | Noticed a shadow
   373 | D        | Killed a shadow
   373 | D        | Reached skill level 10 in Stealth
   373 | D        | Reached skill level 1 in Conjurations
   373 | D        | Reached XP level 5. HP: 24/24 MP: 14/16
   373 | D        | Reached XP level 6. HP: 28/28 MP: 14/17
   377 | D        | Killed a jelly
   396 | D        | Found a stormy altar of Qazlal.
   397 | D        | Found a sacrificial altar of Ru.
   397 | D        | Found a burning altar of Makhleb.
   397 | D        | Found a viscous altar of Jiyva.
   397 | D        | Found a shimmering altar of Xom.
   397 | D        | Found a shadowy altar of Dithmenos.
   397 | D        | Found a sparkling altar of Nemelex Xobeh.
   397 | D        | Found a corrupted altar of Lugonu.
   397 | D        | Found an opulent altar of Gozag.
   397 | D        | Noticed a spatial vortex
   401 | D        | Became a worshipper of Dithmenos the Shadowed
   402 | D        | Killed a spatial vortex
   402 | D        | Reached skill level 5 in Short Blades
   402 | D        | Reached skill level 1 in Invocations
   427 | D        | Found a radiant altar of Vehumet.
   428 | D        | Found a deep blue altar of Sif Muna.
   428 | D        | Found an ancient bone altar of Kikubaaqudgha.
   428 | D        | Noticed a wizard
   429 | D        | Killed a wizard
   429 | D        | Reached skill level 11 in Stealth
   452 | D        | Learned a level 3 spell: Ozocubu's Armour
   457 | D        | Learned a level 4 spell: Condensation Shield
   460 | D        | Found a glowing silver altar of Zin.
   461 | D        | Found a glowing golden altar of the Shining One.
   461 | D        | Found a white marble altar of Elyvilon.
   461 | D        | Noticed a deep elf priest
   463 | D        | Killed a deep elf priest
   463 | D        | Reached skill level 10 in Dodging
   463 | D        | Reached XP level 7. HP: 32/32 MP: 18/20
   474 | D        | Found an iron altar of Okawaru.
   475 | D        | Found a bloodstained altar of Trog.
   475 | D        | Noticed a human
   475 | D        | Noticed a human
   488 | D        | Killed a human
   488 | D        | Reached skill level 12 in Stealth
   504 | D        | Killed a human
   504 | D        | Acquired Dithmenos's first power
   510 | D        | Learned a level 4 spell: Throw Icicle
   622 | D        | Found a snail-covered altar of Cheibriados.
   622 | D        | Noticed a necrophage
   623 | D        | Found a basalt altar of Yredelemnul.
   623 | D        | Found a blossoming altar of Fedhas.
   623 | D        | Noticed a necromancer
   624 | D        | Killed a necrophage
   624 | D        | Reached XP level 8. HP: 36/36 MP: 22/22
   625 | D        | Killed a necromancer
   664 | D        | Noticed a two-headed ogre
   664 | D        | Noticed a two-headed ogre
   668 | D        | Killed a two-headed ogre
   668 | D        | Reached skill level 10 in Spellcasting
   670 | D        | Killed a two-headed ogre
   670 | D        | Acquired Dithmenos's second power
   670 | D        | Reached skill level 13 in Stealth
   673 | D        | Noticed a two-headed ogre
   674 | D        | Killed a two-headed ogre
   679 | D        | Noticed a hill giant
   682 | D        | Killed a hill giant
   686 | D        | Noticed a hill giant
   686 | D        | Noticed Erolcha
   688 | D        | Killed Erolcha
   688 | D        | Reached skill level 14 in Stealth
   688 | D        | Reached skill level 5 in Charms
   688 | D        | Reached skill level 5 in Ice Magic
   688 | D        | Reached XP level 9. HP: 39/39 MP: 23/25
   689 | D        | Killed a hill giant
   689 | D        | Acquired Dithmenos's third power
   700 | D        | Learned a level 4 spell: Summon Ice Beast
   745 | D        | Learned a level 2 spell: Repel Missiles
   838 | D        | Noticed a redback
   841 | D        | Noticed a trapdoor spider
   846 | D        | Killed a trapdoor spider
   994 | D        | Noticed a trapdoor spider
   999 | D        | Killed a redback
  1000 | D        | Killed a trapdoor spider
  1000 | D        | Reached skill level 1 in Summonings
  1082 | D        | Noticed a killer bee
  1082 | D        | Noticed a killer bee
  1082 | D        | Noticed a killer bee
  1082 | D        | Noticed a killer bee
  1082 | D        | Noticed a killer bee
  1082 | D        | Noticed a killer bee
  1082 | D        | Noticed a killer bee
  1082 | D        | Noticed a killer bee
  1082 | D        | Noticed a killer bee
  1082 | D        | Noticed a killer bee
  1082 | D        | Noticed a killer bee
  1082 | D        | Noticed a killer bee
  1082 | D        | Noticed a killer bee
  1082 | D        | Noticed a killer bee
  1082 | D        | Noticed a killer bee
  1083 | D        | Noticed a killer bee
  1083 | D        | Noticed a killer bee
  1083 | D        | Noticed a killer bee
  1083 | D        | Noticed a killer bee
  1083 | D        | Noticed a killer bee
  1083 | D        | Noticed a killer bee
  1083 | D        | Noticed a killer bee
  1083 | D        | Noticed a killer bee
  1083 | D        | Noticed a queen bee
  1083 | D        | Noticed a killer bee
  1083 | D        | Noticed a killer bee
  1083 | D        | Noticed a killer bee
  1083 | D        | Noticed a killer bee
  1083 | D        | Noticed a killer bee
  1083 | D        | Noticed a killer bee
  1083 | D        | Noticed a killer bee
  1083 | D        | Noticed a killer bee
  1083 | D        | Noticed a killer bee
  1086 | D        | Killed a killer bee
  1090 | D        | Killed a killer bee
  1092 | D        | Killed a killer bee
  1094 | D        | Killed a killer bee
  1094 | D        | Acquired Dithmenos's fourth power
  1098 | D        | Killed a killer bee
  1100 | D        | Killed a killer bee
  1103 | D        | Killed a killer bee
  1105 | D        | Killed a killer bee
  1105 | D        | Reached skill level 15 in Stealth
  1107 | D        | Killed a killer bee
  1109 | D        | Killed a killer bee
  1140 | D        | Killed a killer bee
  1271 | D        | Killed a killer bee
  1274 | D        | Killed a killer bee
  1282 | D        | Killed a killer bee
  1284 | D        | Killed a killer bee
  1290 | D        | Killed a killer bee
  1297 | D        | Killed a killer bee
  1298 | D        | Killed a yaktaur
  1300 | D        | Killed a killer bee
  1302 | D        | Killed a killer bee
  1307 | D        | Killed a killer bee
  1310 | D        | Killed a killer bee
  1312 | D        | Killed a killer bee
  1453 | D        | Killed a queen bee
  1459 | D        | Killed a killer bee
  1493 | D        | Killed a killer bee
  1495 | D        | Killed a killer bee
  1495 | D        | Reached XP level 10. HP: 44/44 MP: 20/27
  1498 | D        | Killed a killer bee
  1501 | D        | Killed a killer bee
  1503 | D        | Killed a killer bee
  1506 | D        | Killed a killer bee
  1509 | D        | Killed a killer bee
  1517 | D        | Killed a killer bee
  1522 | D        | Learned a level 3 spell: Static Discharge
  1524 | D        | Killed a killer bee
  1603 | D        | Noticed a wandering mushroom
  1604 | D        | Noticed a wandering mushroom
  1604 | D        | Noticed a wandering mushroom
  1605 | D        | Killed a wandering mushroom
  1607 | D        | Killed a wandering mushroom
  1607 | D        | Reached skill level 16 in Stealth
  1608 | D        | Killed a wandering mushroom
  1608 | D        | Reached skill level 5 in Conjurations
  1718 | D        | Noticed a spiny frog
  1718 | D        | Noticed a komodo dragon
  1718 | D        | Noticed a spiny frog
  1722 | D        | Killed a komodo dragon
  1727 | D        | Killed a spiny frog
  1727 | D        | Reached skill level 10 in Hexes
  1727 | D        | Reached skill level 1 in Air Magic
  1729 | D        | Killed a spiny frog
  1826 | D        | Noticed a redback
  1828 | D        | Killed a redback
  1829 | D        | Noticed a brain worm
  1832 | D        | Killed a brain worm
  1832 | D        | Reached skill level 15 in Dodging
  1842 | D        | Noticed a brain worm
  1844 | D        | Killed a brain worm
  1850 | D        | Noticed a lindwurm
  1852 | D        | Noticed a redback
  1853 | D        | Killed a lindwurm
  1855 | D        | Killed a redback
  1860 | D        | Noticed a redback
  1861 | D        | Killed a redback
  1862 | D        | Noticed Maud
  1864 | D        | Killed Maud
  1864 | D        | Reached skill level 17 in Stealth
  1864 | D        | Reached XP level 11. HP: 47/47 MP: 29/29
  1874 | D        | Learned a level 5 spell: Lightning Bolt
  2034 | D        | Noticed an electric eel
  2035 | D        | Noticed a seven-headed hydra
  2035 | D        | Noticed an eight-headed hydra
  2038 | D        | Killed an electric eel
  2284 | D        | Killed a seven-headed hydra
  2322 | D        | Noticed a death drake
  2327 | D        | Killed a death drake
  2327 | D        | Reached skill level 10 in Charms
  2375 | D        | Killed an eight-headed hydra
  2537 | D        | Found a blossoming altar of Fedhas.
  2537 | D        | Noticed a spriggan
  2537 | D        | Noticed a spriggan druid
  2537 | D        | Noticed a spriggan
  2539 | D        | Killed a spriggan druid
  2540 | D        | Killed a spriggan
  2541 | D        | Killed a spriggan
  2565 | D        | Noticed a swamp dragon
  2567 | D        | Killed a swamp dragon
  2574 | D        | Noticed a swamp drake
  2576 | D        | Killed a swamp drake
  2620 | D        | Noticed a swamp drake
  2620 | D        | Noticed a fire drake
  2621 | D        | Killed a fire drake
  2623 | D        | Killed a swamp drake
  2628 | D        | Noticed a blink frog
  2628 | D        | Noticed a blink frog
  2629 | D        | Noticed a blink frog
  2630 | D        | Noticed a blink frog
  2631 | D        | Noticed a blink frog
  2633 | D        | Killed a blink frog
  2633 | D        | Reached skill level 18 in Stealth
  2640 | D        | Killed a blink frog
  2643 | D        | Killed a blink frog
  2646 | D        | Killed a blink frog
  2649 | D        | Killed a blink frog
  2724 | D        | Noticed Rupert
  2726 | D        | Killed Rupert
  2726 | D        | Reached skill level 10 in Short Blades
  2726 | D        | Reached skill level 5 in Summonings
  2748 | D        | Noticed a death yak
  2749 | D        | Noticed a death yak
  2749 | D        | Noticed a blink frog
  2755 | D        | Noticed an azure jelly
  2755 | D        | Noticed a death yak
  2755 | D        | Noticed an azure jelly
  2755 | D        | Noticed a blink frog
  2755 | D        | Noticed a death yak
  2756 | D        | Killed a death yak
  2756 | D        | Reached skill level 15 in Spellcasting
  2757 | D        | Killed a blink frog
  2760 | D        | Killed a death yak
  2760 | D        | Reached skill level 19 in Stealth
  2761 | D        | Noticed a blink frog
  2761 | D        | Noticed a black mamba
  2762 | D        | Killed a death yak
  2762 | D        | Reached XP level 12. HP: 47/51 MP: 19/32
  2766 | D        | Killed a blink frog
  2768 | D        | Killed a blink frog
  3010 | D        | Killed a black mamba
  3011 | D        | Killed a death yak
  3011 | D        | Reached skill level 5 in Air Magic
  3029 | D        | Noticed a black mamba
  3033 | D        | Killed a black mamba
  3061 | D        | Noticed a water moccasin
  3061 | D        | Noticed a water moccasin
  3061 | D        | Noticed an anaconda
  3061 | D        | Noticed an anaconda
  3061 | D        | Noticed an anaconda
  3061 | D        | Noticed an anaconda
  3062 | D        | Noticed a black mamba
  3063 | D        | Killed a water moccasin
  3083 | D        | Killed an anaconda
  3088 | D        | Killed an anaconda
  3090 | D        | Killed an anaconda
  3092 | D        | Killed an anaconda
  3102 | D        | Killed a black mamba
  3109 | D        | Killed a water moccasin
  3242 | D        | Noticed an anaconda
  3242 | D        | Noticed a water moccasin
  3242 | D        | Noticed a water moccasin
  3242 | D        | Noticed an anaconda
  3269 | D        | Killed an anaconda
  3312 | D        | Killed a water moccasin
  3332 | D        | Lost mutation: Your body sometimes deteriorates upon taking damage. [evolution]
  3365 | D        | Noticed an azure jelly
  3365 | D        | Noticed an azure jelly
  3374 | D        | Killed a water moccasin
  3374 | D        | Reached skill level 20 in Stealth
  3441 | D        | Noticed a water moccasin
  3448 | D        | Killed a water moccasin
  3482 | D        | Killed an anaconda
  3519 | D        | Noticed a black mamba
  3521 | D        | Killed a black mamba
  3528 | D        | Noticed a black mamba
  3530 | D        | Noticed a black mamba
  3532 | D        | Noticed a black mamba
  3540 | D        | Killed a black mamba
  3541 | D        | Killed a black mamba
  3557 | D        | Killed a black mamba
  3698 | D        | Noticed a naga
  3698 | D        | Noticed a naga
  3700 | D        | Noticed a naga warrior
  3700 | D        | Noticed a greater naga
  3700 | D        | Found Wiplaeci's Antique Armour Boutique.
  3700 | D        | Found Ryuculobb's Gadget Emporium.
  3701 | D        | Killed a naga
  3702 | D        | Killed a naga
  3703 | D        | Found Loanyveth's Distillery.
  3704 | D        | Killed a naga warrior
  3705 | D        | Killed a greater naga
  3720 | D        | Noticed a guardian serpent
  3723 | D        | Killed a guardian serpent
  3727 | D        | Got a serpentine rune of Zot
  3806 | D        | Noticed an elephant
  3806 | D        | Noticed an elephant
  3806 | D        | Noticed a dire elephant
  3806 | D        | Noticed a dire elephant
  3806 | D        | Noticed Gastronok
  3808 | D        | Killed Gastronok
  3808 | D        | Reached XP level 13. HP: 55/55 MP: 34/34
  3809 | D        | Killed a dire elephant
  3809 | D        | Reached skill level 21 in Stealth
  3811 | D        | Killed a dire elephant
  3814 | D        | Killed an elephant
  3816 | D        | Killed an elephant
  3907 | D        | Noticed a swamp drake
  3908 | D        | Found Ejikyl's Gadget Emporium.
  3908 | D        | Found Plog's Antique Armour Shop.
  3913 | D        | Killed a swamp drake
  3918 | D        | Found Umam's Magic Scroll Shoppe.
  3943 | D        | Noticed a swamp dragon
  3943 | D        | Noticed a four-headed hydra
  3943 | D        | Noticed the 27-headed Lernaean hydra
  3945 | D        | Killed the 27-headed Lernaean hydra
  3947 | D        | Killed a swamp dragon
  3948 | D        | Killed a four-headed hydra
  3951 | D        | Got a decaying rune of Zot
  4078 | D        | Noticed an orc sorcerer
  4080 | D        | Noticed an orc wizard
  4080 | D        | Noticed an orc knight
  4089 | D        | Noticed an orc warrior
  4089 | D        | Killed an orc knight
  4090 | D        | Noticed an orc priest
  4093 | D        | Killed an orc sorcerer
  4095 | D        | Noticed an orc priest
  4096 | D        | Killed an orc warrior
  4096 | D        | Killed an orc priest
  4097 | D        | Killed an orc priest
  4098 | D        | Killed an orc wizard
  4099 | D        | Noticed an orc wizard
  4100 | D        | Noticed an orc wizard
  4101 | D        | Killed an orc wizard
  4103 | D        | Noticed an orc high priest
  4111 | D        | Killed an orc wizard
  4123 | D        | Killed an orc high priest
  4132 | D        | Found Deosil's Assorted Antiques.
  4185 | D        | Bought a scroll of identify for 46 gold pieces
  4185 | D        | Bought a scroll of identify for 46 gold pieces
  4362 | D        | Slain by an azure jelly

Vault maps used:
D:        dungeon_sprint_mu

Action                   |  1- 3 |  4- 6 |  7- 9 | 10-12 | 13-15 || total
-------------------------+-------+-------+-------+-------+-------++-------
Melee: Dagger            |    20 |     6 |    71 |    92 |    24 ||   213
 Cast: Ensorcelled Hiber |     2 |       |    40 |    60 |     6 ||   108
       Dazzling Spray    |       |       |     9 |    11 |     4 ||    24
       Confuse           |       |       |     2 |     3 |     4 ||     9
       Lightning Bolt    |       |       |       |     3 |     7 ||    10
Invok: Shadow Step       |       |       |     1 |    15 |     3 ||    19
  Use: Scroll            |     3 |       |       |       |     2 ||     5
       Potion            |     3 |       |       |       |     1 ||     4
 Stab: Sleeping          |     5 |     6 |    31 |    62 |    11 ||   115
       Invisible         |       |       |     3 |     3 |     1 ||     7
       Confused          |       |       |     1 |     4 |       ||     5
       Held in net/web   |       |       |     1 |       |       ||     1
       Distracted        |       |       |       |     1 |       ||     1
  Eat: Bread ration      |       |       |       |     1 |       ||     1
